 Dungeon Crawl Stone Soup version 0.22-a0-617-g6d95e9e (webtiles) character file.

108 Hebeh the Magician (level 4, 0/24 HPs)
             Began as a Deep Elf Fire Elementalist on July 12, 2018.
             Slain by a hobgoblin (2 damage)
             ... on level 2 of the Dungeon.
             The game lasted 00:05:44 (1580 turns).

Hebeh the Magician (Deep Elf Fire Elementalist)     Turns: 1580, Time: 00:05:45

Health: 0/24       AC:  2    Str:  5    XL:     4   Next: 58%
Magic:  1/12       EV: 13    Int: 21    God:
Gold:   164        SH:  0    Dex: 15    Spells: 10/11 levels left

rFire    . . .     SeeInvis .   b - -2 hunting sling (curse)
rCold    . . .     Gourm    .   (no shield)
rNeg     . . .     Faith    .   m - +0 robe
rPois    .         Spirit   .   (no helmet)
rElec    .         Reflect  .   (no cloak)
rCorr    .         Harm     .   (no gloves)
MR       .....                  (no boots)
Stlth    ++........             (no amulet)
HPRegen  0.08/turn              (no ring)
MPRegen  0.13/turn              (no ring)

@: lethally poisoned (0 -> -5)
A: no striking features
a: no special abilities


You were on level 2 of the Dungeon.
You were not hungry.

You visited 1 branch of the dungeon, and saw 2 of its levels.

You collected 164 gold pieces.

Inventory:

Hand Weapons
 a - a +0 whip
 b - a cursed -2 hunting sling (weapon)
Missiles
 h - 39 stones (quivered)
 k - 21 arrows
 t - 17 sling bullets
Armour
 m - a +0 robe (worn)
Scrolls
 d - a scroll of fear {unknown}
 e - 2 scrolls of magic mapping {unknown}
 i - a scroll of teleportation {unknown}
 j - 4 scrolls of remove curse {unknown}
 n - a scroll of identify {unknown}
 o - a scroll of enchant armour {unknown}
 p - a scroll of fog {unknown}
 q - a scroll of random uselessness {unknown}
 r - a scroll of immolation {unknown}
Potions
 g - a potion of might {unknown}
 l - a potion of agility {unknown}
 s - a potion of magic {unknown}
Comestibles
 c - 5 rations
 f - 6 chunks of flesh


   Skills:
 - Level 2.4 Dodging
 - Level 2.4 Stealth
 + Level 4.1 Spellcasting
 * Level 3.5 Conjurations
 + Level 4.1 Fire Magic


You had 10 spell levels left.
You knew the following spells:

 Your Spells              Type           Power        Failure   Level  Hunger
a - Flame Tongue          Conj/Fire      ###..        2%          1    None

Your spell library contained the following spells:

 Spells                   Type           Power        Failure   Level  Hunger
 Fireball                 Conj/Fire      ###.......   56%         5    ######.
 Conjure Flame            Conj/Fire      ###.....     8%          3    ###....
 Throw Flame              Conj/Fire      ###...       3%          2    #......
 Sticky Flame             Conj/Fire      ###.....     24%         4    ####...
 Inner Flame              Hex/Fire       ##......     16%         3    ###....


Dungeon Overview and Level Annotations

Branches:
Dungeon (2/15)

Altars:
Makhleb


Message History

Confirm with . or Enter, or press ? or * to list all spells.
Aiming: Flame Tongue (safe; 2% risk of failure)
Press: ? - help, Shift-Dir - straight line, f - giant cockroach
Aim: a giant cockroach (clinging)
The flame tongue hits the giant cockroach.
The giant cockroach is heavily wounded.
* * * LOW HITPOINT WARNING * * *
You feel sick.
The giant cockroach bites you but does no damage.
The hobgoblin hits you.
* * * LOW HITPOINT WARNING * * *
Casting: Flame Tongue (safe; 2% risk of failure)
Confirm with . or Enter, or press ? or * to list all spells.
Aiming: Flame Tongue (safe; 2% risk of failure)
Press: ? - help, Shift-Dir - straight line, f/p - giant cockroach
Aim: a giant cockroach (heavily wounded, clinging)
The flame tongue hits the giant cockroach.
You kill the giant cockroach!
The hobgoblin hits you.
You die...

##
##################.####.
.................K......
###############.@g......
#....#...... #.#..#
..... #.#... .### #
##(## # # ... ... ###.
## ...# #..< .# #.#.#


You could see a hobgoblin and a kobold.

Vanquished Creatures
  A howler monkey (D:2)
  2 adders (D:2)
  2 dart slugs (D:1)
  A leopard gecko (D:1)
  A ball python (D:2)
  4 bats
  4 giant cockroaches
  8 hobgoblins
  4 jackals (D:1)
  2 frilled lizards (D:1)
  3 goblins
  5 kobolds
  5 rats
42 creatures vanquished.

Notes
Turn   | Place    | Note
-------+----------+-------------------------------------------
     0 | D:1      | Hebeh the Deep Elf Fire Elementalist began the quest for the Orb.
     0 | D:1      | Reached XP level 1. HP: 10/10 MP: 6/6
   184 | D:1      | Reached XP level 2. HP: 15/15 MP: 0/8
   839 | D:1      | Reached XP level 3. HP: 19/19 MP: 8/10
  1385 | D:2      | Reached XP level 4. HP: 24/24 MP: 9/12
  1501 | D:2      | Found a burning altar of Makhleb.
  1580 | D:2      | Slain by a hobgoblin

Vault maps used:
D:1:      nicolae_arrival_somewhat_less_tricky_arrival, grunt_decor_fettered
D:2:      first_ration, minmay_misc_feat_tiny, minmay_misc_feat_ornament,
          bloody_makhleb

Skill      XL: |  1  2  3 |
---------------+----------+-----
Conjurations   | 2 3 |  3.5
Spellcasting   | 4 |  4.1
Fire Magic     | 4 |  4.1
Dodging        | |  2.4
Stealth        | |  2.4

Action                   |  1- 3 |  4- 6 || total
-------------------------+-------+-------++-------
 Fire: Hunting sling     |    24 |    13 ||    37
Throw: Stone             |    19 |       ||    19
 Cast: Flame Tongue      |    58 |    22 ||    80
  Eat: Chunk             |     1 |     1 ||     2
Armor: Robe              |     2 |     4 ||     6
Dodge: Dodged            |    10 |    19 ||    29

Table legend:
 A = Spawn XP
 B = Non-spawn XP
 C = Spawn XP percentage of total XP
 D = Spawn monster count
 E = Non-spawn monster count
 F = Spawn count percentage of total count
 G = Total turns spent on level
                    A         B        C        D         E        F      G
               +---------+---------+-------+---------+---------+-------+---------
         Total |       0 |     155 |   0.0 |       0 |      42 |   0.0 |  1580
               +---------+---------+-------+---------+---------+-------+---------
           D:1 |       0 |      46 |   0.0 |       0 |      24 |   0.0 |  1047
           D:2 |       0 |     109 |   0.0 |       0 |      18 |   0.0 |   533
               +---------+---------+-------+---------+---------+-------+---------
